 Dungeon Crawl Stone Soup version 0.19.1 (webtiles) character file.

4081 Ice the Archer (level 10, -6/81 HPs)
             Began as a Minotaur Berserker on Dec 10, 2016.
             Was an Elder of Trog.
             Mangled by blobert's ghost (16 damage)
             ... on level 9 of the Dungeon.
             The game lasted 00:30:24 (8218 turns).

Ice the Archer (Minotaur Berserker)                 Turns: 8218, Time: 00:30:25

Health: -6/81      AC: 13    Str: 23    XL:     10   Next: 5%
Magic:  9/9        EV: 13    Int:  4    God:    Trog [****..]
Gold:   273        SH:  0    Dex: 12    Spells: 0 memorised, 9 levels left

rFire  . . .     SeeInvis .     p - +2 scythe
rCold  + . .     Gourm    +     b - +3 scale mail "Axzi" {rC+}
rNeg   . . .     Faith    .     (shield currently unavailable)
rPois  +         Spirit   .     (helmet restricted)
rElec  .         Reflect  .     N - +1 cloak
rCorr  .         Harm     .     G - +0 pair of gloves
MR     .....                    (no boots)
Stlth  ..........               z - amulet of the gourmand
                                O - ring of poison resistance
                                u - ring of flight

@: exhausted, slowed, very slow
A: retaliatory headbutt, horns 2
a: Berserk, Trog's Hand, Brothers in Arms, Burn Spellbooks, Renounce Religion,
Evoke Flight


You were on level 9 of the Dungeon.
You worshipped Trog.
Trog was greatly pleased with you.
You were very full.

You visited 1 branch of the dungeon, and saw 9 of its levels.
You also visited: Sewer.

You collected 702 gold pieces.
You spent 429 gold pieces at shops.

Inventory:

Hand Weapons
 p - a +2 scythe (weapon)
 H - a +1 shortbow
Missiles
 g - 147 arrows
 j - 14 poisoned needles
 k - 190 stones (quivered)
 q - 43 sling bullets
 B - 18 tomahawks
 D - 70 bolts
 X - 7 poisoned tomahawks
Armour
 b - the +3 scale mail "Axzi" (worn) {rC+}
   (You bought it in a shop on level 4 of the Dungeon)

   It protects you from cold.
 G - a +0 pair of gloves (worn)
 N - a +1 cloak (worn)
Jewellery
 u - a ring of flight (left hand)
 z - an amulet of the gourmand (around neck)
 O - a ring of poison resistance (right hand)
 R - a cursed -4 ring of strength {unknown}
 W - a cursed ring of loudness {unknown}
Wands
 K - a wand of lightning (8/15)
 M - a wand of iceblast (10/15)
 P - a wand of random effects (20/48)
 V - a wand of iceblast (6/15)
Scrolls
 l - 2 scrolls of magic mapping
 m - 6 scrolls of teleportation
 o - 3 scrolls of fog {unknown}
 r - 4 scrolls of random uselessness {unknown}
 v - 4 scrolls of fear
 w - 3 scrolls of remove curse
 y - 2 scrolls of blinking {unknown}
 C - 3 scrolls of immolation {unknown}
 I - a scroll of recharging
 J - a scroll of noise {unknown}
 T - a scroll of holy word {unknown}
Potions
 a - 2 potions of brilliance {unknown}
 e - a potion of heal wounds {unknown}
 i - 2 potions of curing
 n - a potion of haste {unknown}
 s - a potion of might {unknown}
 t - a potion of mutation {unknown}
 A - 4 potions of flight
 E - a potion of invisibility {unknown}
 F - a potion of agility {unknown}
Books
 x - a book of Minor Magic

   Spells                             Type                      Level
   a - Magic Dart                     Conjuration                  1
   b - Blink                          Translocation                2
   c - Call Imp                       Summoning                    2
   d - Repel Missiles                 Charms/Air                   2
   e - Slow                           Hexes                        2
   f - Conjure Flame                  Conjuration/Fire             3
   g - Mephitic Cloud                 Conjuration/Poison/Air       3
   Trog disapproves of the use of such an item.
 L - a book of Changes

   Spells                             Type                      Level
   a - Beastly Appendage              Transmutation                1
   b - Sticks to Snakes               Transmutation                2
   c - Spider Form                    Transmutation/Poison         3
   d - Ice Form                       Ice/Transmutation            4
   e - Blade Hands                    Transmutation                5
   Trog disapproves of the use of such an item.
 Q - a book of Conjurations

   Spells                             Type                      Level
   a - Magic Dart                     Conjuration                  1
   b - Searing Ray                    Conjuration                  2
   c - Dazzling Spray                 Conjuration/Hexes            3
   d - Fulminant Prism                Conjuration/Hexes            4
   e - Iskenderun's Mystic Blast      Conjuration                  4
   f - Iskenderun's Battlesphere      Conjuration/Charms           5
   Trog disapproves of the use of such an item.
Comestibles
 c - 8 bread rations
 d - a beef jerky
 f - 11 fruits
 h - 6 meat rations
 U - a royal jelly


   Skills:
 - Level 5.0 Fighting
   Level 3.6 Maces & Flails
 - Level 8.2 Polearms
 + Level 11.2 Bows
 - Level 5.0 Armour
 - Level 6.5 Dodging


You had 9 spell levels left.
You didn't know any spells.

Dungeon Overview and Level Annotations

Branches:
Dungeon (9/15)             Temple (0/1) D:7
   Lair: D:8-11         Orc: D:9-12

Altars:
Ashenzari
Cheibriados
Dithmenos
Makhleb
Nemelex Xobeh
Okawaru
Sif Muna
Vehumet
Yredelemnul
The Shining One

Shops:
D:4 [

Annotations:
D:9 blobert's ghost, journeyman GrBe


Innate Abilities, Weirdness & Mutations

You reflexively headbutt those who attack you in melee.
You have a pair of horns on your head.


Message History

You headbutt blobert's ghost, but do no damage.
You closely miss blobert's ghost.
You headbutt blobert's ghost, but do no damage.
Blobert's ghost hits you!!
* * * LOW HITPOINT WARNING * * *
x2 You slash blobert's ghost!
You headbutt blobert's ghost, but do no damage.
Blobert's ghost is lightly damaged.
Blobert's ghost closely misses you.
You are too berserk!
You feel a strong urge to attack something.
You are no longer berserk.
You are exhausted.
You feel yourself slow down.
There is an open door here.
There is a stone staircase leading down here.
As you read the scroll of fear, it crumbles to dust.
You assume a fearsome visage.
Blobert's ghost is unaffected.
Blobert's ghost hits you!
You die...

##.###
#...........#
...#
#####'#######
#### #....##
####..#
#######'##
#........####
#........'....
+........####.
#......@.#
######W### #.#
#.#### #....#
####.#
...........#
...........#
.......(...#


You could see blobert's ghost.

Vanquished Creatures
  Pikel (D:9)
  2 hornets
  A hippogriff (D:8)
  Sigmund (D:2)
  A wyvern (D:9)
  Menkaure (D:5)
  An ice beast (D:9)
  A sky beast (D:8)
  2 orc warriors
  A phantom (D:9)
  3 ogres
  A necrophage (D:9)
  2 centaurs
  A big kobold (D:9)
  4 bullfrogs
  3 scorpions
  6 killer bees (D:8)
  2 howler monkeys
  A crimson imp (D:6)
  A quasit (D:6)
  An orc priest (D:4)
  A centaur zombie (D:8)
  3 hounds
  A jelly (D:7)
  2 orc wizards (D:7)
  A bullfrog skeleton (D:8)
  A centaur skeleton (D:7)
  Terence (D:3)
  An iguana (D:4)
  Natasha (D:3)
  5 worker ants
  A hound zombie (D:8)
  A howler monkey zombie (D:6)
  A mummy (D:5)
  2 howler monkey skeletons
  3 river rats (D:3)
  14 adders
  A shadow imp (D:5)
  An ooze (D:1)
  An adder zombie (D:8)
  An adder skeleton (D:9)
  3 worms
  4 dart slugs
  6 leopard geckos
  9 orcs
  8 giant cockroaches
  3 goblins
  2 hobgoblins (D:1)
  24 jackals
  3 quokkas
  6 ball pythons
  11 bats
  5 frilled lizards
  A giant cockroach zombie (D:5)
  A hobgoblin zombie (D:5)
  9 kobolds
  2 kobold zombies (D:5)
  An orc zombie (D:5)
  A quokka skeleton (D:5)
  A quokka zombie (D:8)
  4 rats
184 creatures vanquished.

Notes
Turn   | Place    | Note
-------+----------+-------------------------------------------
     0 | D:1      | Ice the Minotaur Berserker began the quest for the Orb.
     0 | D:1      | Reached XP level 1. HP: 19/19 MP: 0/0
   162 | D:1      | Reached XP level 2. HP: 25/26 MP: 1/1
   338 | D:1      | Reached XP level 3. HP: 31/31 MP: 2/2
   342 | D:1      | Reached ** piety under Trog
   552 | D:2      | Found a shadowy altar of Dithmenos.
   552 | D:2      | Found a sparkling altar of Nemelex Xobeh.
   553 | D:2      | Noticed Sigmund
   559 | D:2      | Killed Sigmund
   559 | D:2      | Reached XP level 4. HP: 39/39 MP: 3/3
   559 | D:2      | Reached XP level 5. HP: 45/45 MP: 4/4
  1659 | D:3      | Noticed Terence
  1666 | D:3      | Killed Terence
  1666 | D:3      | Reached XP level 6. HP: 48/53 MP: 5/5
  1889 | D:3      | Found a glowing drain.
  1912 | D:3      | Reached skill level 5 in Fighting
  1930 | Sewer    | Entered a sewer
  2099 | Sewer    | Reached skill level 1 in Polearms
  2101 | Sewer    | Reached *** piety under Trog
  2765 | D:3      | Noticed Natasha
  2770 | D:3      | Killed Natasha
  2873 | D:4      | Found Gire's Armour Emporium.
  2880 | D:4      | Found a snail-covered altar of Cheibriados.
  2880 | D:4      | Found a basalt altar of Yredelemnul.
  3009 | D:4      | Reached XP level 7. HP: 44/61 MP: 6/6
  3202 | D:4      | Reached skill level 5 in Polearms
  3386 | D:5      | Entered Level 5 of the Dungeon
  3862 | D:5      | Noticed Menkaure
  3867 | D:5      | Killed Menkaure
  3875 | D:5      | Reached XP level 8. HP: 23/68 MP: 7/7
  4371 | D:4      | Reached **** piety under Trog
  4371 | D:4      | Reached skill level 1 in Bows
  4380 | D:4      | Reached skill level 2 in Bows
  4388 | D:4      | Reached skill level 3 in Bows
  4461 | D:6      | Found a glowing golden altar of the Shining One.
  4663 | D:6      | Reached skill level 4 in Bows
  5600 | D:7      | Found a deep blue altar of Sif Muna.
  5654 | D:7      | Found a staircase to the Ecumenical Temple.
  6133 | D:7      | Reached skill level 5 in Armour
  6288 | D:4      | Found a radiant altar of Vehumet.
  6362 | D:4      | Bought the +3 scale mail "Axzi" {rC+} for 429 gold pieces
  6405 | D:5      | Reached skill level 5 in Bows
  6640 | D:8      | Found a radiant altar of Vehumet.
  6643 | D:8      | Found a burning altar of Makhleb.
  6679 | D:8      | Found a shattered altar of Ashenzari.
  6810 | D:8      | Reached skill level 6 in Bows
  6810 | D:8      | Reached XP level 9. HP: 59/74 MP: 8/8
  6854 | D:8      | Reached skill level 7 in Bows
  7126 | D:8      | Found a deep blue altar of Sif Muna.
  7127 | D:8      | Found an iron altar of Okawaru.
  7242 | D:8      | Reached skill level 8 in Bows
  7937 | D:9      | Reached skill level 9 in Bows
  8062 | D:9      | Noticed Pikel
  8067 | D:9      | Reached skill level 10 in Bows
  8091 | D:9      | Killed Pikel
  8190 | D:9      | Reached skill level 11 in Bows
  8190 | D:9      | Reached XP level 10. HP: 57/81 MP: 9/9
  8201 | D:9      | Noticed blobert's ghost (journeyman GrBe)
  8207 | D:9      | Paralysed by a hornet for 1 turns
  8208 | D:9      | Received a gift from Trog
  8218 | D:9      | Mangled by blobert's ghost

Skill      XL: |  1  2  3  4  5  6  7  8  9 |
---------------+----------------------------+-----
Dodging        | 3 6 |  6.5
Fighting       | 4 5 |  5.0
Polearms       | 4 8 |  8.2
Bows           | 6 11 | 11.2
Armour         | 5 |  5.0
Maces & Flails | |  3.6

Action                   |  1- 3 |  4- 6 |  7- 9 | 10-12 || total
-------------------------+-------+-------+-------+-------++-------
Melee: Mace              |    44 |     5 |       |       ||    49
       Headbutt          |     3 |    11 |    32 |     4 ||    50
       Scythe            |       |    83 |   242 |     8 ||   333
 Fire: Shortbow          |       |       |    94 |     1 ||    95
Throw: Stone             |    47 |    73 |    52 |       ||   172
Invok: Berserk           |     1 |       |     4 |     1 ||     6
  Use: Scroll            |     1 |     9 |    15 |     1 ||    26
  Eat: Chunk             |       |    16 |    28 |       ||    44
Armor: Animal skin       |     5 |    12 |    13 |       ||    30
       Scale mail        |       |       |    90 |     2 ||    92
       Chain mail        |       |       |     9 |       ||     9
Dodge: Dodged            |    29 |    72 |   218 |    10 ||   329
